[Event "Rated Blitz game"]
[Site "?"]
[Date "2021.06.30"]
[Round "?"]
[White "gainzzz"]
[Black "Immobilized"]
[Result "1-0"]
[ECO "C46"]
[WhiteElo "2638"]
[BlackElo "2453"]
[PlyCount "25"]
[EventDate "2021.??.??"]
[EventType "blitz"]
[TimeControl "180"]

1. e4 e5 2. Nf3 Nc6 3. Nc3 Nf6 4. Nxe5 Nxe5 5. d4 Bb4 6. dxe5 Nxe4 7. Qg4 d5 8.
Qxg7 Rf8 9. Bd3 Nxc3 10. a3 Ba5 11. O-O Ne4 12. Bxe4 dxe4 13. Bg5 {Normal} 1-0

[Event "Rated Blitz tournament ZaLDHdor"]
[Site "?"]
[Date "2021.06.30"]
[Round "?"]
[White "Starinov"]
[Black "vremis"]
[Result "1-0"]
[ECO "C46"]
[WhiteElo "2530"]
[BlackElo "2208"]
[PlyCount "141"]
[EventDate "2021.??.??"]
[EventType "blitz"]
[TimeControl "180"]

1. e4 e5 2. Nf3 Nc6 3. Nc3 Nf6 4. Nxe5 Nxe5 5. d4 Ng6 6. e5 Ng8 7. Bc4 Bb4 8.
Qf3 Qe7 9. O-O Bxc3 10. bxc3 f6 11. Re1 Kd8 12. a4 fxe5 13. dxe5 Nh6 14. Ba3
Qg5 15. Rad1 Qg4 16. Qxg4 Nxg4 17. e6 d6 18. h3 N4e5 19. Bb3 Ne7 20. Rxe5 Rf8
21. Re2 a5 22. g3 Ra6 23. f4 Rc6 24. Rd3 g6 25. Bd5 Nxd5 26. Rxd5 Ke7 27. Rxa5
Bxe6 28. Re3 Kd7 29. h4 Rc4 30. Ra7 b6 31. Rd3 Kc6 32. a5 b5 33. Rxc7+ Kxc7 34.
Bxd6+ Kb7 35. Bxf8 Bf5 36. Re3 Bxc2 37. Bb4 Re4 38. Kf2 Rxe3 39. Kxe3 Bf5 40.
Kd4 Kc6 41. Bc5 Kb7 42. Bb6 Ka6 43. Kc5 h5 44. Bd8 Bd3 45. Kd4 Bf5 46. Ke5 Bd3
47. Kf6 Bf5 48. Kg5 Kb7 49. Bb6 Ka6 50. Bc7 Kb7 51. Bd6 Ka6 52. Bb4 Kb7 53. c4
bxc4 54. Be1 Ka6 55. g4 Bxg4 56. Kxg6 Kb7 57. f5 Kc7 58. f6 c3 59. Bxc3 Be2 60.
f7 Bd3+ 61. Kg7 Kc6 62. f8=Q Bc4 63. Qb4 Bd5 64. Bd4 Kd7 65. Qb6 Bc6 66. Be5
Ke6 67. Qxc6+ Kxe5 68. Qc5+ Kf4 69. Qxh5 Kg3 70. Qg6+ Kh2 71. h5 {Normal} 1-0

[Event "Rated Blitz game"]
[Site "?"]
[Date "2021.06.30"]
[Round "?"]
[White "gainzzz"]
[Black "SybariticSuffocation"]
[Result "0-1"]
[ECO "C46"]
[WhiteElo "2628"]
[BlackElo "2507"]
[PlyCount "138"]
[EventDate "2021.??.??"]
[EventType "blitz"]
[TimeControl "180"]

1. e4 e5 2. Nf3 Nc6 3. Nc3 Nf6 4. Nxe5 Nxe5 5. d4 Ng6 6. e5 Ng8 7. Bc4 d5 8.
Bxd5 c6 9. Bf3 Nh4 10. O-O Nxf3+ 11. Qxf3 Qxd4 12. Ne4 Qxe5 13. Re1 Be6 14. Bg5
h6 15. Bf4 Qf5 16. Ng3 Qd5 17. Qe2 Be7 18. Rad1 Qb5 19. c4 Qxc4 20. Qe5 Bf6 21.
Qd6 Ne7 22. b3 Qa6 23. Ne4 Qa5 24. a3 Qf5 25. Bg3 O-O 26. Nxf6+ Qxf6 27. Be5
Nf5 28. Qxf8+ Kxf8 29. Bxf6 gxf6 30. Rd3 c5 31. Red1 a5 32. f3 Nd4 33. b4 axb4
34. axb4 Bb3 35. bxc5 Bxd1 36. Rxd4 Ba4 37. Rh4 Kg7 38. Rg4+ Kh7 39. Kf2 Bc6
40. Rf4 Ra2+ 41. Kg3 Ra5 42. Rxf6 Kg7 43. Rd6 Rxc5 44. Rd8 b5 45. Rd2 b4 46.
Rb2 Rc4 47. Kf2 Ba4 48. Ke3 Kf6 49. Kd3 Bb5 50. g3 Ke5 51. Kd2 Kd4 52. f4 Ke4
53. Ke2 Rc2+ 54. Kd1 Rxb2 55. g4 Rb3 56. h3 Rc3 57. f5 Rc6 58. f6 b3 59. h4 b2
60. Kd2 b1=Q 61. g5 hxg5 62. hxg5 Qb3 63. g6 Qb4+ 64. Kd1 fxg6 65. f7 Rc3 66.
f8=Q Qb2 67. Qe8+ Kf5 68. Qf8+ Kg5 69. Qg8 Rc1# {Normal} 0-1

[Event "Rated Blitz game"]
[Site "?"]
[Date "2021.06.30"]
[Round "?"]
[White "forbiddencheapos"]
[Black "Tichugott"]
[Result "1-0"]
[ECO "C46"]
[WhiteElo "2410"]
[BlackElo "2382"]
[PlyCount "55"]
[EventDate "2021.??.??"]
[EventType "blitz"]
[TimeControl "300"]

1. e4 e5 2. Nf3 Nc6 3. Nc3 Nf6 4. Nxe5 Nxe5 5. d4 Ng6 6. e5 Ng8 7. Bc4 d5 8.
Bxd5 c6 9. Bb3 Be6 10. O-O Bxb3 11. axb3 Bb4 12. Ne4 N8e7 13. c3 Qd5 14. Re1
Ba5 15. Nd6+ Kf8 16. c4 Qe6 17. Rxa5 b6 18. Ra6 h5 19. f4 h4 20. Qf3 Nf5 21.
Qxc6 Rd8 22. d5 Rxd6 23. Qa8+ Qe8 24. Qxe8+ Kxe8 25. exd6+ Kd7 26. Rxa7+ Kxd6
27. Bd2 h3 28. Bb4# {Normal} 1-0

[Event "Rated Blitz game"]
[Site "?"]
[Date "2021.06.30"]
[Round "?"]
[White "pombooo"]
[Black "peppie23"]
[Result "0-1"]
[ECO "C46"]
[WhiteElo "2402"]
[BlackElo "2534"]
[PlyCount "76"]
[EventDate "2021.??.??"]
[EventType "blitz"]
[TimeControl "180"]

1. e4 e5 2. Nf3 Nc6 3. Nc3 Nf6 4. Nxe5 Nxe5 5. d4 Nc6 6. e5 Ng8 7. f4 d5 8. Bd3
Nxd4 9. O-O c5 10. Kh1 g6 11. Be3 Ne7 12. Bxd4 cxd4 13. Ne2 Nc6 14. h3 h5 15.
Qe1 h4 16. Qf2 Bc5 17. a3 a5 18. b4 axb4 19. axb4 Rxa1 20. Rxa1 Nxb4 21. Bb5+
Kf8 22. f5 Bxf5 23. Nf4 Kg7 24. Ba4 Qe7 25. Re1 d3 26. Qf3 dxc2 27. Nxd5 Nxd5
28. Qxd5 Rd8 29. Qf3 Ba3 30. e6 c1=Q 31. Rxc1 Bxc1 32. Qc3+ Qf6 33. Qxc1 Qxe6
34. Qc7 Rd4 35. Qc3 Qf6 36. Qa3 Qa6 37. Qb2 Qxa4 38. Qxb7 Rd1+ {Normal} 0-1

[Event "Rated Blitz game"]
[Site "?"]
[Date "2021.06.30"]
[Round "?"]
[White "ElSangriento"]
[Black "mathdean"]
[Result "1/2-1/2"]
[ECO "C46"]
[WhiteElo "2280"]
[BlackElo "2418"]
[PlyCount "134"]
[EventDate "2021.??.??"]
[EventType "blitz"]
[TimeControl "180+2"]

1. e4 e5 2. Nf3 Nc6 3. Nc3 Nf6 4. Nxe5 Nxe5 5. d4 Nc6 6. d5 Ne5 7. f4 Ng6 8. e5
Ng8 9. d6 cxd6 10. exd6 Qf6 11. Nb5 Nxf4 12. Bxf4 Qxf4 13. Nc7+ Kd8 14. Nxa8
Bxd6 15. Qf3 Nf6 16. Qxf4 Bxf4 17. g3 Be5 18. O-O-O b6 19. Bg2 Ba6 20. b3 Kc8
21. c4 Bb7 22. Rhg1 Bxg2 23. Rxg2 Kb7 24. g4 h6 25. h4 d6 26. g5 hxg5 27. hxg5
Nd7 28. Rf2 f6 29. gxf6 gxf6 30. Rg1 Kxa8 31. Rg7 Nc5 32. Rfg2 a5 33. Rg8+ Rxg8
34. Rxg8+ Kb7 35. Rg7+ Kc6 36. Rf7 Ne6 37. Kc2 Kc5 38. a3 a4 39. bxa4 Kxc4 40.
Rb7 Kc5 41. a5 bxa5 42. a4 Nd4+ 43. Kd3 f5 44. Rc7+ Kd5 45. Ra7 Nc6 46. Rb7 f4
47. Rb5+ Ke6 48. Ke4 Kf6 49. Rb6 Nb4 50. Rb5 Kg5 51. Rxa5 Kg4 52. Rb5 Nc6 53.
Rb1 Kg3 54. Rg1+ Kf2 55. Rc1 f3 56. Rxc6 Kg2 57. a5 f2 58. Rc2 Kg1 59. Rxf2
Kxf2 60. Kd5 Bf4 61. a6 Be3 62. Kxd6 Ke2 63. Kc6 Kd3 64. Kb7 Kc4 65. Kc6 Kb4
66. Kb7 Ka5 67. a7 Bxa7 {Normal} 1/2-1/2

[Event "Rated Blitz game"]
[Site "?"]
[Date "2021.06.29"]
[Round "?"]
[White "wolnypion30"]
[Black "m_sakha"]
[Result "1-0"]
[ECO "C46"]
[WhiteElo "2471"]
[BlackElo "2438"]
[PlyCount "47"]
[EventDate "2021.??.??"]
[EventType "blitz"]
[TimeControl "180+2"]

1. e4 e5 2. Nf3 Nc6 3. Nc3 Nf6 4. Nxe5 Nxe5 5. d4 Ng6 6. e5 Ng8 7. Bc4 Bb4 8.
Qf3 Bxc3+ 9. bxc3 f6 10. h4 h5 11. Bd3 Nf8 12. Qg3 Qe7 13. O-O fxe5 14. Bg5 Nf6
15. dxe5 Ne6 16. Rfe1 d5 17. Bg6+ Kf8 18. Qf3 Nxg5 19. hxg5 Bg4 20. Qf4 Qd7 21.
exf6 gxf6 22. Qxf6+ Kg8 23. Re7 Rf8 24. Qg7# {Normal} 1-0

[Event "Rated Blitz game"]
[Site "?"]
[Date "2021.06.29"]
[Round "?"]
[White "wolnypion30"]
[Black "Vox-Dei"]
[Result "1-0"]
[ECO "C46"]
[WhiteElo "2493"]
[BlackElo "2424"]
[PlyCount "47"]
[EventDate "2021.??.??"]
[EventType "blitz"]
[TimeControl "180+2"]

1. e4 e5 2. Nf3 Nf6 3. Nc3 Nc6 4. Nxe5 Nxe5 5. d4 Nc6 6. d5 Nb8 7. e5 Ng8 8. d6
Nc6 9. Nb5 cxd6 10. exd6 Bxd6 11. Nxd6+ Kf8 12. Bc4 Qe7+ 13. Be3 Ne5 14. Bb3 h5
15. O-O Nh6 16. Re1 Nhg4 17. Bc5 Kg8 18. h3 Qh4 19. Nxf7 Nxf7 20. Re8+ Kh7 21.
Qd3+ g6 22. Bxf7 Qf6 23. Bd4 Rxe8 24. Bxf6 {Normal} 1-0

[Event "Rated Blitz game"]
[Site "?"]
[Date "2021.06.29"]
[Round "?"]
[White "Pepeoutai"]
[Black "BTR-07"]
[Result "1-0"]
[ECO "C46"]
[WhiteElo "2435"]
[BlackElo "2529"]
[PlyCount "53"]
[EventDate "2021.??.??"]
[EventType "blitz"]
[TimeControl "180+2"]

1. e4 e5 2. Nf3 Nc6 3. Nc3 Nf6 4. Nxe5 Nxe5 5. d4 Ng6 6. e5 Ng8 7. Bc4 c6 8.
Qf3 d5 9. exd6 Be6 10. Bxe6 fxe6 11. O-O Bxd6 12. Re1 Kd7 13. Qg4 Qe7 14. d5
Nf6 15. dxe6+ Kc7 16. Qc4 Rae8 17. Be3 Kb8 18. Rad1 Qc7 19. g3 Ne5 20. Qa4 Nf3+
21. Kf1 b5 22. Qa6 g5 23. Rxd6 Qxd6 24. Bxa7+ Kc7 25. Bb6+ Kb8 26. Qa7+ Kc8 27.
Qa8+ {Normal} 1-0

[Event "Rated Blitz game"]
[Site "?"]
[Date "2021.06.28"]
[Round "?"]
[White "Niemans"]
[Black "wblodw"]
[Result "1-0"]
[ECO "C46"]
[WhiteElo "2347"]
[BlackElo "2446"]
[PlyCount "77"]
[EventDate "2021.??.??"]
[EventType "blitz"]
[TimeControl "180"]

1. e4 e5 2. Nf3 Nc6 3. Nc3 Nf6 4. Nxe5 Nxe5 5. d4 Ng6 6. e5 Ng8 7. Bc4 d5 8.
Bxd5 c6 9. Be4 Bb4 10. Qd3 N8e7 11. f4 Nh4 12. O-O Nhf5 13. Be3 h5 14. Ne2 g6
15. c3 Ba5 16. b4 Bc7 17. a4 Nd5 18. Bd2 Qe7 19. Rab1 Bb8 20. c4 Nc7 21. d5
cxd5 22. cxd5 Na6 23. d6 Nxd6 24. exd6 Qxd6 25. Qxd6 Bxd6 26. f5 gxf5 27. Bxf5
Rg8 28. Ng3 Bxf5 29. Nxf5 O-O-O 30. Rbc1+ Bc7 31. Ne7+ Kb8 32. Nxg8 Rxd2 33.
Rxf7 Rd8 34. Nf6 Bb6+ 35. Kh1 Nxb4 36. Nd7+ Ka8 37. Nxb6+ axb6 38. h3 Nd5 39.
Rd1 {Normal} 1-0

[Event "Rated Blitz game"]
[Site "?"]
[Date "2021.06.28"]
[Round "?"]
[White "NigerianMachine"]
[Black "lau_ocs"]
[Result "1-0"]
[ECO "C46"]
[WhiteElo "2454"]
[BlackElo "2493"]
[PlyCount "129"]
[EventDate "2021.??.??"]
[EventType "blitz"]
[TimeControl "180"]

1. e4 e5 2. Nf3 Nc6 3. Nc3 Nf6 4. Nxe5 Nxe5 5. d4 Nc6 6. d5 Nb8 7. e5 Ng8 8. d6
cxd6 9. exd6 Qf6 10. Nb5 Na6 11. Qe2+ Kd8 12. Be3 Bxd6 13. O-O-O Be5 14. Qd2
Bxb2+ 15. Kb1 h6 16. c3 Ne7 17. Kxb2 d5 18. Bxa7 Nc7 19. Bc5 Nxb5 20. Bxb5 Be6
21. Qe3 Nc6 22. Bb6+ Kd7 23. Qc5 Qe5 24. Rhe1 Qd6 25. c4 Qxc5 26. Bxc5 d4 27.
Rxd4+ Kc7 28. Rd3 Rhd8 29. Red1 Rxd3 30. Rxd3 Rd8 31. Rxd8 Nxd8 32. Bf8 g6 33.
Bxh6 Nc6 34. Bf4+ Kb6 35. Kc3 Na5 36. a4 Nc6 37. h3 Ne7 38. Kb4 Nc6+ 39. Kc3
Na5 40. Be3+ Kc7 41. Kb4 Nc6+ 42. Kc5 Ne7 43. Kb4 Kd8 44. Bc5 Kc7 45. a5 Nc6+
46. Ka4 Bd7 47. Bb6+ Kc8 48. c5 Nb8 49. a6 bxa6 50. Bxd7+ Kxd7 51. Ka5 Kc6 52.
Ba7 Nd7 53. Kxa6 Nxc5+ 54. Ka5 Nd3 55. f3 Kd5 56. Ka4 Ne5 57. Kb3 Nxf3 58. gxf3
Ke5 59. Kc2 Kf4 60. Bb8+ Kxf3 61. h4 Kg2 62. Bd6 Kh3 63. Be5 Kg4 64. Bf6 Kh5
65. Bg5 {Time forfeit} 1-0

[Event "Rated Blitz game"]
[Site "?"]
[Date "2021.06.28"]
[Round "?"]
[White "forbiddencheapos"]
[Black "Nino974"]
[Result "1-0"]
[ECO "C46"]
[WhiteElo "2411"]
[BlackElo "2241"]
[PlyCount "35"]
[EventDate "2021.??.??"]
[EventType "blitz"]
[TimeControl "300"]

1. e4 e5 2. Nf3 Nc6 3. Nc3 Nf6 4. Nxe5 Nxe5 5. d4 Nc6 6. d5 Nb8 7. e5 Ng8 8. d6
cxd6 9. exd6 Bxd6 10. Qxd6 Qe7+ 11. Qxe7+ Nxe7 12. Nb5 Na6 13. Nd6+ Kf8 14.
Bxa6 bxa6 15. O-O a5 16. a4 Ba6 17. Re1 Nc8 18. Re8# {Normal} 1-0

[Event "Rated Blitz game"]
[Site "?"]
[Date "2021.06.28"]
[Round "?"]
[White "BayLaze"]
[Black "reimaginado"]
[Result "1/2-1/2"]
[ECO "C46"]
[WhiteElo "2448"]
[BlackElo "2420"]
[PlyCount "179"]
[EventDate "2021.??.??"]
[EventType "blitz"]
[TimeControl "180"]

1. Nc3 Nf6 2. e4 e5 3. Nf3 Nc6 4. Nxe5 Nxe5 5. d4 d6 6. dxe5 dxe5 7. Qxd8+ Kxd8
8. Bc4 Be6 9. Bxe6 fxe6 10. f3 Bb4 11. Bd2 Ke7 12. Ke2 Rhd8 13. Rad1 c6 14. Nb1
Bxd2 15. Nxd2 Rd7 16. Nc4 Rxd1 17. Rxd1 Nd7 18. a4 b5 19. Na5 Rc8 20. Ra1 Nb6
21. b3 bxa4 22. bxa4 c5 23. Kd3 g5 24. Kc3 h5 25. Nc4 Nxc4 26. Kxc4 g4 27. fxg4
hxg4 28. h4 g3 29. Rh1 Kf6 30. h5 Kg7 31. h6+ Kh7 32. Rh3 Rd8 33. c3 Rd2 34.
Rxg3 Kxh6 35. Kxc5 Re2 36. Kd6 Rxe4 37. Kxe6 Rxa4 38. Kxe5 Kh5 39. Kd5 Kh4 40.
Rg8 Ra2 41. c4 a5 42. c5 a4 43. Kc4 Rc2+ 44. Kb4 a3 45. Ra8 a2 46. Kb3 Rxc5 47.
Rxa2 Kg3 48. Kb4 Rf5 49. Kc4 Rf2 50. Ra3+ Kxg2 51. Kd4 Rf3 52. Ra2+ Rf2 53. Ra3
Rf3 54. Ra5 Rf2 55. Ke3 Kf1 56. Ra1+ Kg2 57. Ra5 Rf3+ 58. Ke4 Rf2 59. Rg5+ Kf1
60. Rh5 Kg2 61. Ke3 Rf3+ 62. Ke2 Rf2+ 63. Ke3 Rf3+ 64. Ke4 Rf2 65. Rh6 Kf1 66.
Rh1+ Kg2 67. Rh8 Kf1 68. Ra8 Kg2 69. Ra7 Kf1 70. Ke3 Re2+ 71. Kf3 Rf2+ 72. Kg3
Rg2+ 73. Kh3 Rf2 74. Ra2 Rxa2 75. Kg3 Ra5 76. Kf4 Ke2 77. Ke4 Ra4+ 78. Kd5 Kd3
79. Kc5 Rd4 80. Kb5 Rc4 81. Ka5 Kc3 82. Kb5 Kb3 83. Kb6 Kb4 84. Kb7 Rc5 85. Kb6
Kc4 86. Ka6 Rb5 87. Ka7 Kc5 88. Ka6 Kc6 89. Ka7 Rb4 90. Ka6 {Time forfeit}
1/2-1/2

[Event "Rated Blitz game"]
[Site "?"]
[Date "2021.06.28"]
[Round "?"]
[White "toog"]
[Black "neurobyte"]
[Result "0-1"]
[ECO "C46"]
[WhiteElo "2536"]
[BlackElo "2544"]
[PlyCount "26"]
[EventDate "2021.??.??"]
[EventType "blitz"]
[TimeControl "180"]

1. e4 e5 2. Nf3 Nc6 3. Nc3 Nf6 4. Nxe5 Nxe5 5. d4 Ng6 6. e5 Ng8 7. Bc4 d6 8.
Qf3 Be6 9. Bxe6 fxe6 10. Qxb7 dxe5 11. Qc6+ Kf7 12. Ne4 Be7 13. O-O Qd5 {Normal
} 0-1

[Event "Rated Blitz game"]
[Site "?"]
[Date "2021.06.28"]
[Round "?"]
[White "NigerianMachine"]
[Black "Quaritch79"]
[Result "1-0"]
[ECO "C46"]
[WhiteElo "2455"]
[BlackElo "2479"]
[PlyCount "51"]
[EventDate "2021.??.??"]
[EventType "blitz"]
[TimeControl "180"]

1. e4 e5 2. Nf3 Nc6 3. Nc3 Nf6 4. Nxe5 Nxe5 5. d4 Ng6 6. e5 Ng8 7. Qf3 f6 8.
Bc4 d6 9. O-O dxe5 10. Re1 Bd6 11. Nb5 N8e7 12. Bd2 a6 13. Nxd6+ cxd6 14. dxe5
dxe5 15. Bb4 Qc7 16. Qb3 Rf8 17. Rad1 Bd7 18. Bd6 Qc6 19. Re3 b5 20. Be2 Nf5
21. Bf3 Qc8 22. Rc3 Qd8 23. Bxf8 Kxf8 24. Bxa8 Qxa8 25. Rxd7 Nd4 26. Qf7# {
Normal} 1-0

[Event "Rated Blitz game"]
[Site "?"]
[Date "2021.06.28"]
[Round "?"]
[White "forbiddencheapos"]
[Black "thoroughlychecked"]
[Result "0-1"]
[ECO "C46"]
[WhiteElo "2418"]
[BlackElo "2416"]
[PlyCount "48"]
[EventDate "2021.??.??"]
[EventType "blitz"]
[TimeControl "300"]

1. e4 e5 2. Nf3 Nc6 3. Nc3 Nf6 4. Nxe5 Nxe5 5. d4 Ng6 6. e5 Ng8 7. Bc4 d5 8.
Bxd5 c6 9. Bb3 N8e7 10. Ne4 Be6 11. Nd6+ Kd7 12. Nxb7 Qc7 13. Nc5+ Ke8 14. Nxe6
fxe6 15. Bxe6 Rd8 16. Qf3 Nd5 17. Bg5 Bb4+ 18. c3 Rf8 19. Qh5 Nxc3 20. bxc3
Bxc3+ 21. Ke2 Rxd4 22. Rad1 Qxe5+ 23. Kf1 Qxe6 24. Be3 Qxe3 {Normal} 0-1

[Event "Rated Blitz game"]
[Site "?"]
[Date "2021.06.27"]
[Round "?"]
[White "Rofachess"]
[Black "jer_mal"]
[Result "0-1"]
[ECO "C46"]
[WhiteElo "2341"]
[BlackElo "2401"]
[PlyCount "158"]
[EventDate "2021.??.??"]
[EventType "blitz"]
[TimeControl "180"]

1. e4 e5 2. Nf3 Nc6 3. Nc3 Nf6 4. Nxe5 Nxe5 5. d4 Ng6 6. e5 Bb4 7. exf6 Qxf6 8.
Be3 O-O 9. Bc4 d6 10. O-O Be6 11. Ne4 Qe7 12. Bd3 d5 13. Ng3 Qf6 14. c3 Bd6 15.
Qd2 Nf4 16. Qc2 Nxd3 17. Qxd3 c6 18. Qd2 Qg6 19. f4 Bf5 20. Qf2 Rfe8 21. Nxf5
Qxf5 22. g3 Re6 23. Bd2 Rae8 24. Rae1 Qc2 25. Rxe6 Rxe6 26. Re1 Qxb2 27. Rxe6
fxe6 28. Be1 Qxf2+ 29. Kxf2 Kf7 30. Ke2 Kf6 31. Kf3 h5 32. Bd2 Kf5 33. h3 g6
34. g4+ hxg4+ 35. hxg4+ Kf6 36. Be3 Ba3 37. Bd2 Ke7 38. Ke2 Kd6 39. Kd3 Kc7 40.
Kc2 Kd7 41. Be3 Kc7 42. Kb3 Bf8 43. Kc2 Kb6 44. Kb3 Ka5 45. a4 b5 46. axb5 cxb5
47. Bd2 Kb6 48. Be3 a5 49. Bd2 a4+ 50. Kc2 b4 51. cxb4 Kb5 52. Kd3 Bxb4 53. Bc1
Be1 54. Ke2 Bc3 55. Kd3 Kb4 56. Ba3+ Kb3 57. Be7 Bb2 58. f5 exf5 59. gxf5 gxf5
60. Ke3 a3 61. Bxa3 Kxa3 62. Kf4 Bxd4 63. Kxf5 Be3 64. Ke5 d4 65. Ke4 Kb3 66.
Kd3 Kb2 67. Ke2 Kc2 68. Ke1 d3 69. Kf1 d2 70. Kg2 d1=Q 71. Kg3 Qf1 72. Kg4 Qf4+
73. Kh3 Qg5 74. Kh2 Qg4 75. Kh1 Kd2 76. Kh2 Ke2 77. Kh1 Kf1 78. Kh2 Bf4+ 79.
Kh1 Qf3# {Normal} 0-1

[Event "Rated Blitz game"]
[Site "?"]
[Date "2021.06.27"]
[Round "?"]
[White "GeorgeQartveli"]
[Black "Guliev_Gasan"]
[Result "1-0"]
[ECO "C46"]
[WhiteElo "2308"]
[BlackElo "2435"]
[PlyCount "91"]
[EventDate "2021.??.??"]
[EventType "blitz"]
[TimeControl "180+2"]

1. e4 e5 2. Nf3 Nc6 3. Nc3 Nf6 4. Nxe5 Nxe5 5. d4 d5 6. dxe5 Nxe4 7. Nxe4 dxe4
8. Qxd8+ Kxd8 9. Bc4 Ke8 10. Be3 a6 11. O-O-O Be6 12. Bxe6 fxe6 13. Rhe1 Be7
14. Rd4 Rd8 15. Rxe4 Rd5 16. Rd1 c6 17. c4 Rxd1+ 18. Kxd1 c5 19. f3 Kd7 20. Rg4
g6 21. Rf4 b5 22. Ke2 Rb8 23. b3 bxc4 24. Rxc4 Kc6 25. Kd3 Kd5 26. Ra4 Rb6 27.
f4 h5 28. g3 Rc6 29. Ra5 Bd8 30. Ra4 Be7 31. Rc4 Bf8 32. b4 cxb4 33. Rd4+ Kc5
34. Rd8+ Kb5 35. Rxf8 Rc3+ 36. Ke4 Ra3 37. Rb8+ Kc4 38. Rc8+ Kb5 39. Rc2 a5 40.
h3 a4 41. Rc5+ Ka6 42. Rc6+ Kb5 43. Rxe6 Rxa2 44. Rb6+ Kc4 45. e6 Rd2 46. Bxd2
{Normal} 1-0

[Event "Rated Blitz tournament Qk4l9u14"]
[Site "?"]
[Date "2021.06.27"]
[Round "?"]
[White "Pepeoutai"]
[Black "Chessmaste"]
[Result "0-1"]
[ECO "C46"]
[WhiteElo "2451"]
[BlackElo "2406"]
[PlyCount "34"]
[EventDate "2021.??.??"]
[EventType "blitz"]
[TimeControl "300"]

1. e4 e5 2. Nf3 Nc6 3. Nc3 Nf6 4. Nxe5 Nxe5 5. d4 Nc6 6. d5 Ne5 7. f4 Ng6 8. e5
Bc5 9. exf6 O-O 10. Be2 Qxf6 11. Ne4 Qb6 12. Nxc5 Qxc5 13. Qd3 Re8 14. Bd2 d6
15. O-O-O Nh4 16. g3 Bf5 17. Qc4 Rxe2 {Normal} 0-1

[Event "Rated Blitz game"]
[Site "?"]
[Date "2021.06.27"]
[Round "?"]
[White "forbiddencheapos"]
[Black "scorpionking1"]
[Result "1-0"]
[ECO "C46"]
[WhiteElo "2401"]
[BlackElo "2396"]
[PlyCount "41"]
[EventDate "2021.??.??"]
[EventType "blitz"]
[TimeControl "300"]

1. e4 e5 2. Nf3 Nc6 3. Nc3 Nf6 4. Nxe5 Nxe5 5. d4 Ng6 6. e5 Ng8 7. Bc4 d6 8.
Qf3 Qd7 9. O-O c6 10. a4 d5 11. Nxd5 cxd5 12. Bb5 Qxb5 13. axb5 Be6 14. c4 N8e7
15. Bg5 h6 16. Bxe7 Nxe7 17. Rfc1 dxc4 18. Qxb7 Bd5 19. Qc7 Nf5 20. b6 axb6 21.
Rxa8+ {Normal} 1-0

[Event "Rated Blitz game"]
[Site "?"]
[Date "2021.06.27"]
[Round "?"]
[White "lederman"]
[Black "SuperDonald"]
[Result "0-1"]
[ECO "C46"]
[WhiteElo "2454"]
[BlackElo "2462"]
[PlyCount "134"]
[EventDate "2021.??.??"]
[EventType "blitz"]
[TimeControl "180+2"]

1. e4 e5 2. Nf3 Nf6 3. Nc3 Nc6 4. Nxe5 Nxe5 5. d4 Nc6 6. d5 Bb4 7. Bd2 O-O 8.
dxc6 bxc6 9. Bd3 d5 10. exd5 Re8+ 11. Ne2 Bxd2+ 12. Qxd2 cxd5 13. O-O c5 14.
Ng3 Be6 15. Rae1 Rb8 16. b3 d4 17. Nf5 Bxf5 18. Bxf5 Qd6 19. Rxe8+ Rxe8 20. Re1
Rxe1+ 21. Qxe1 g6 22. Bd3 Nd5 23. Bc4 Qe7 24. Qd2 Nc3 25. a4 a5 26. g3 Kg7 27.
h4 h5 28. Bf1 Qe4 29. Bg2 Qe2 30. Qxe2 Nxe2+ 31. Kf1 Nc3 32. Ke1 f5 33. Kd2
Ne4+ 34. Kd3 Nxf2+ 35. Kc4 Ne4 36. Kd5 Nxg3 37. Kxc5 Kf6 38. b4 axb4 39. a5 d3
40. cxd3 b3 41. a6 b2 42. a7 b1=Q 43. a8=Q Qc1+ 44. Kb4 Qb2+ 45. Kc4 Qc2+ 46.
Kd4 Ne2+ 47. Ke3 Nc3 48. Qh8+ Kf7 49. Bf3 Qc1+ 50. Kd4 Nb5+ 51. Kd5 Qc7 52.
Qh7+ Kf6 53. Qh8+ Kf7 54. Qh7+ Kf6 55. Qxc7 Nxc7+ 56. Kd6 Ne6 57. Bd5 Nf4 58.
d4 g5 59. hxg5+ Kxg5 60. Ke5 Nxd5 61. Kxd5 h4 62. Ke6 h3 63. d5 h2 64. d6 h1=Q
65. d7 Qd1 66. Ke7 f4 67. d8=Q Qxd8+ {Normal} 0-1

[Event "Rated Blitz game"]
[Site "?"]
[Date "2021.06.27"]
[Round "?"]
[White "Horween"]
[Black "Mastropierov"]
[Result "0-1"]
[ECO "C46"]
[WhiteElo "2361"]
[BlackElo "2400"]
[PlyCount "38"]
[EventDate "2021.??.??"]
[EventType "blitz"]
[TimeControl "180"]

1. e4 e5 2. Nf3 Nc6 3. Nc3 Nf6 4. Nxe5 Nxe5 5. d4 Ng6 6. e5 Bb4 7. exf6 Qxf6 8.
Be3 d5 9. Qd3 c6 10. a3 Bf5 11. Qd2 Bd6 12. Bd3 Bxd3 13. Qxd3 O-O 14. O-O Rfe8
15. Rae1 Re7 16. Qd2 h6 17. Ne2 Rae8 18. Ng3 Qh4 19. a4 f5 {Normal} 0-1

[Event "Rated Blitz game"]
[Site "?"]
[Date "2021.06.26"]
[Round "?"]
[White "forbiddencheapos"]
[Black "MACHINOVISH"]
[Result "0-1"]
[ECO "C46"]
[WhiteElo "2403"]
[BlackElo "2445"]
[PlyCount "68"]
[EventDate "2021.??.??"]
[EventType "blitz"]
[TimeControl "300"]

1. e4 e5 2. Nf3 Nc6 3. Nc3 Nf6 4. Nxe5 Nxe5 5. d4 Ng6 6. e5 Ng8 7. Bc4 d5 8.
Bxd5 Bb4 9. Qf3 Bxc3+ 10. bxc3 Be6 11. Bxb7 Rb8 12. Bc6+ Bd7 13. Bd5 Be6 14.
Bc6+ Bd7 15. Bd5 Be6 16. Bxe6 fxe6 17. Ba3 N8e7 18. O-O Qd5 19. Qg3 O-O 20. Bc5
Rb2 21. Bxa7 Rxc2 22. a4 Ra8 23. Bc5 Nc6 24. Rfb1 Ncxe5 25. a5 Nc4 26. Qxc7 Ne3
27. Rb8+ Rxb8 28. Qxb8+ Kf7 29. Qg3 Qa2 30. Re1 Nf5 31. Qc7+ Kf6 32. Qd8+ Kf7
33. Qd7+ Nfe7 34. Qxe6+ Qxe6 {Normal} 0-1

[Event "Rated Blitz game"]
[Site "?"]
[Date "2021.06.26"]
[Round "?"]
[White "forbiddencheapos"]
[Black "Usul88"]
[Result "0-1"]
[ECO "C46"]
[WhiteElo "2412"]
[BlackElo "2360"]
[PlyCount "70"]
[EventDate "2021.??.??"]
[EventType "blitz"]
[TimeControl "300"]

1. e4 e5 2. Nf3 Nc6 3. Nc3 Nf6 4. Nxe5 Nxe5 5. d4 Ng6 6. e5 Ng8 7. Bc4 Bb4 8.
Qf3 Qe7 9. O-O Bxc3 10. bxc3 Nh6 11. a4 O-O 12. Re1 d6 13. Ba3 Nh4 14. Qh5 Bg4
15. Qxh6 gxh6 16. exd6 Qg5 17. Re5 Qg7 18. Re3 Nf5 19. Re5 Bf3 20. Bf1 Nxd6 21.
Re3 Bh5 22. Rg3 Bg6 23. h4 h5 24. Rd1 Rfe8 25. c4 Ne4 26. Re3 Qf6 27. Rf3 Qxh4
28. g3 Qg5 29. Bc1 Qe7 30. Rf4 Rad8 31. Be3 c5 32. d5 b6 33. Bd3 Nc3 34. Ra1
Qe5 35. Re1 Nxa4 {Time forfeit} 0-1

[Event "Rated Blitz game"]
[Site "?"]
[Date "2021.06.26"]
[Round "?"]
[White "batasjon"]
[Black "bujka"]
[Result "0-1"]
[ECO "C46"]
[WhiteElo "2420"]
[BlackElo "2300"]
[PlyCount "102"]
[EventDate "2021.??.??"]
[EventType "blitz"]
[TimeControl "180+2"]

1. e4 e5 2. Nf3 Nc6 3. Nc3 Nf6 4. Nxe5 Nxe5 5. d4 Bb4 6. dxe5 Nxe4 7. Qg4 d5 8.
Qxg7 Rf8 9. Bh6 Nxc3 10. bxc3 Bxc3+ 11. Ke2 Qe7 12. Rd1 d4 13. Kf3 Be6 14. Bg5
Qd7 15. Kf4 f6 16. Qxd7+ Kxd7 17. Bxf6 Bxa2 18. g4 Bd5 19. Rg1 a5 20. h4 a4 21.
g5 a3 22. Bh3+ Kc6 23. e6 Rae8 24. Rge1 a2 25. Kg3 a1=Q 26. Rxa1 Bxa1 27. Rxa1
Bxe6 28. Bg2+ Bd5 29. Bxd4 Bxg2 30. Kxg2 Kd5 31. c3 c5 32. Bf6 b5 33. Ra5 Kc4
34. f4 b4 35. cxb4 cxb4 36. Kg3 Rxf6 37. gxf6 b3 38. Ra7 Rb8 39. f7 b2 40. Rb7
Rxb7 41. f8=Q b1=Q 42. Qc8+ Kd3 43. Qd8+ Ke2 44. Qe8+ Kd2 45. Qd8+ Ke3 46. Qe8+
Qe4 47. Qxe4+ Kxe4 48. Kg4 Rf7 49. Kh5 Rxf4 50. Kg5 h5 51. Kxh5 Kf5 {Normal}
0-1

[Event "Rated Blitz tournament 9U9NJnoZ"]
[Site "?"]
[Date "2021.06.26"]
[Round "?"]
[White "SanLit"]
[Black "Archy17"]
[Result "0-1"]
[ECO "C46"]
[WhiteElo "2336"]
[BlackElo "2477"]
[PlyCount "88"]
[EventDate "2021.??.??"]
[EventType "blitz"]
[TimeControl "180+2"]

1. e4 e5 2. Nf3 Nc6 3. Nc3 Nf6 4. Nxe5 Nxe5 5. d4 Bd6 6. dxe5 Bxe5 7. Bd3 d6 8.
f4 Bxc3+ 9. bxc3 Bg4 10. Qd2 Qe7 11. O-O O-O 12. Qe3 Rfe8 13. Re1 Bd7 14. h3
Bc6 15. e5 Nd5 16. Qg3 dxe5 17. fxe5 Qc5+ 18. Kh1 g6 19. e6 Qxc3 20. Bh6 Rxe6
21. Rxe6 Qxa1+ 22. Re1 Qc3 23. h4 Re8 24. Rf1 Qe5 25. Qf3 f5 26. Qf2 Ne3 27.
Re1 Ng4 28. Bc4+ Kh8 29. Rxe5 Nxf2+ 30. Kg1 Rxe5 31. Kxf2 Bd5 32. Bd3 Kg8 33.
Bf4 Re7 34. c4 Be4 35. Be2 c6 36. Bg5 Rd7 37. Ke3 Kf7 38. g4 Ke6 39. h5 a6 40.
h6 b5 41. cxb5 axb5 42. a4 bxa4 43. Bc4+ Bd5 44. Bd3 a3 {Normal} 0-1